cohdb
Replays
Latest Replays
All Replays
Popular Replays
Top Player Replays
Match Explorer
How It Works
Community
CoH3 Stats
Reddit
Sign in to upload your games and track your stats! →
Sign in with Steam
Match 42607259
Unlisted
Match 42607259
Overview
Messages
Build Orders
End
Panzergrenadier Squad
Panzergrenadier Squad
Panzergrenadier Squad
Selects Battlefield Espionage Battlegroup
Selects Battlefield Espionage Battlegroup
Selects Battlefield Espionage Battlegroup
Construct Light Support Kompanie
Combat Half-tracks
Fire Support Elements
250 Light Carrier
Panzerjäger Mechanized Group
Selects Intel Disruption Beacon
Selects Transfer Depots
Veteran Squad Leaders
2.5-tonne Medical Truck
Forward Retreat Point
Construct Panzerarmee Kommand
Flak 36 Anti-tank Gun Team
le.IG 18 Mechanized Group
Emergency Repair Kits
Armored Reserves
[DOOM INTENSIFIES]
Vallhalla
-=GX=-
Bran
DrewP
Dillbro
0
0
Comments
sign in to comment!
No comments posted yet!